Map: Prion Terraces

Players

VelesScrolls - Winner!

  • Race: Terran Terran
  • League: Diamond

MataLeon

  • Race: Protoss Protoss
  • League: Platinum

VOD

Have the link to the VOD?

Description

Time

  • Played on: April 6, 2016, 9:35 a.m.
  • Length: 6:57
Show
View Real Time Build Order
Export as new Build Order

VelesScrolls Terran - Winner!

Build Orders: Reaper Expand, MMM Bio 

Get SALT Encoding   

  12  0:00  SCV  
  13  0:12  SCV  
  14  0:17  Supply Depot  
  14  0:25  SCV  
  15  0:39  SCV  
  15  0:41  Barracks  
  16  0:43  Refinery  
  16  0:51  SCV  
  17  1:03  SCV  
  18  1:15  SCV  
  19  1:27  Reaper  
  19  1:28  Orbital Command  
  20  1:41  Command Center  
  20  1:52  Barracks  
  20  1:55  SCV  
  21  2:02  Barracks Reactor  
  21  2:09  Supply Depot  
  21  2:10  SCV  
  22  2:24  Factory  
  22  2:25  SCV  
  22  2:27  Refinery  
  23  2:37  SCV  
  24  2:43  Marine x2  
  26  2:47  Barracks Tech Lab  
  26  2:48  Bunker  
  26  2:49  SCV  
  27  3:00  Orbital Command  
  27  3:01  SCV  
  27  3:04  Marine  
  29  3:06  Marine  
  29  3:11  Widow Mine  
  32  3:13  SCV  
  33  3:20  Stimpack  
  33  3:25  SCV  
  33  3:26  Marine  
  35  3:27  Marine  
  35  3:29  Marine  
  37  3:40  SCV  
  37  3:41  SCV  
  39  3:43  Factory Reactor  
  39  3:45  Starport  
  39  3:49  Marine x2  
  39  3:52  SCV  
  39  3:53  SCV  
  43  4:00  Engineering Bay, Marine  
  44  4:05  SCV  
  44  4:06  SCV  
  46  4:10  Supply Depot  
  46  4:12  Supply Depot  
  46  4:20  SCV  
  46  4:28  Missile Turret  
  46  4:32  Marine x3, SCV  
  46  4:33  SCV  
  46  4:36  Terran Infantry Weapons Level 1  
  46  4:37  Supply Depot  
  51  4:40  Medivac x2  
  51  4:44  SCV  
  51  4:45  SCV  
  57  4:46  Supply Depot  
  57  4:49  Widow Mine  
  57  4:50  Marine  
  60  4:53  Marine x2  
  60  4:58  SCV x2  
  60  4:59  Missile Turret  
  64  5:04  Supply Depot  
  64  5:07  Marine  
  64  5:10  SCV  
  64  5:11  Marine, SCV  
  64  5:12  Marine, Refinery  
  64  5:13  Medivac  
  71  5:14  Medivac  
  73  5:25  Marine  
  74  5:29  Marine, SCV x2  
  74  5:33  Combat Shields  
  77  5:40  Supply Depot, Barracks, Command Center  
  77  5:41  SCV x2  
  79  5:43  Refinery  
  79  5:48  Marine x3  
  82  5:53  SCV x2  
  82  5:56  Medivac  
  82  6:05  SCV  
  82  6:06  Marine  
  83  6:18  Marine x2  
  83  6:29  SCV x2  
  82  6:35  Marine x2  
  82  6:36  Marine  
  84  6:41  SCV  
Show
View Real Time Build Order
Export as new Build Order

MataLeon Protoss 

Build Orders:  

Get SALT Encoding   

  12  0:01  Probe (Chrono Boost)  
  13  0:11  Probe (Chrono Boost)  
  14  0:20  Pylon  
  14  0:23  Probe (Chrono Boost)  
  15  0:38  Probe (Chrono Boost)  
  15  0:40  Gateway  
  15  0:42  Assimilator  
  16  0:49  Probe (Chrono Boost)  
  17  0:59  Probe (Chrono Boost)  
  18  1:10  Probe (Chrono Boost)  
  19  1:20  Probe (Chrono Boost)  
  20  1:28  Cybernetics Core  
  20  1:31  Probe (Chrono Boost)  
  21  1:41  Probe (Chrono Boost)  
  22  1:52  Probe (Chrono Boost)  
  23  1:55  Assimilator  
  23  1:57  Pylon  
  23  1:59  Nexus  
  23  2:05  Warp Gate  
  25  2:16  Mothership Core (Chrono Boost)  
  25  2:19  Stalker  
  27  2:26  Gateway  
  27  2:40  Probe (Chrono Boost)  
  28  2:49  Twilight Council  
  28  2:58  Stalker  
  28  2:59  Probe (Chrono Boost)  
  28  3:04  Pylon  
  31  3:10  Probe (Chrono Boost)  
  32  3:14  Probe (Chrono Boost)  
  33  3:29  Probe (Chrono Boost)  
  33  3:30  Probe (Chrono Boost)  
  33  3:32  Robotics Facility  
  35  3:40  Probe x2 (Chrono Boost)  
  37  3:50  Probe (Chrono Boost)  
  37  3:51  Probe (Chrono Boost)  
  39  4:01  Blink (Chrono Boost), Probe x2 (Chrono Boost), Gateway  
  40  4:04  Forge  
  41  4:13  Probe  
  42  4:20  Observer  
  42  4:24  Stalker  
  45  4:25  Stalker  
  45  4:26  Probe  
  45  4:27  Probe  
  49  4:37  Probe  
  49  4:41  Warp Prism  
  49  4:42  Pylon  
  49  4:44  Pylon  
  52  4:48  Stalker  
  54  5:00  Assimilator  
  54  5:02  Assimilator  
  54  5:03  Stalker  
  56  5:12  Adept x2  
  60  5:17  Observer  
  61  5:22  Probe  
  61  5:23  Probe  
  63  5:32  Probe  
  63  5:34  Pylon, Gateway  
  64  5:35  Probe, Gateway  
  64  5:36  Pylon  
  64  5:38  Gateway  
  65  5:43  Probe  
  65  5:48  Probe  
  67  5:54  Probe  
  68  6:00  Probe, Adept x3  
  68  6:04  Nexus  
  68  6:05  Adept  
  68  6:06  Adept  
  32  6:41  Adept  
  32  6:42  Adept  
  32  6:43  Adept  
  34  6:52  Gateway  
  32  6:55  Gateway  
Tags
 
Add a new tag
Caveats
  • Supply blocks, unpowered buildings, or Contaminate may cause inaccurate times.
  • Supply counts are checked every 10 seconds.